 Dungeon Crawl Stone Soup version 0.23.2-1-ga50397a (webtiles) character file.

Game seed: 992368170924207666

28641 IBeShadow the Fighter (level 13, -3/141 HPs)
             Began as a Demonspawn Chaos Knight on May 20, 2019.
             Was a Plaything of Xom.
             Slain by a death yak (18 damage)
             ... on level 6 of the Lair of Beasts on May 21, 2019.
             The game lasted 00:35:36 (14014 turns).

IBeShadow the Fighter (Demonspawn Chaos Knight)    Turns: 14014, Time: 00:35:37

Health: -3/141     AC: 21    Str: 24    XL:     13   Next: 10%
Magic:  0/18       EV: 12    Int: 19    God:    Xom [....*.]
Gold:   1392       SH:  8    Dex: 22    Spells: 12/12 levels left

rFire    + + .     SeeInvis .   g - +2 demon whip (venom)
rCold    . . .     Gourm    .   w - +0 buckler
rNeg     . . .     Faith    .   y - +0 plate armour
rPois    +         Spirit   +   G - +1 helmet
rElec    .         Reflect  .   u - +0 cloak of Boiling Hail {rF+ Int+3 Dex+3}
rCorr    .         Harm     .   N - +2 pair of gloves
rMut     +         Clarity  +   (boots unavailable)
MR       .....                  D - amulet of guardian spirit
Stlth    ..........             H - ring of poison resistance
HPRegen  0.33/turn              p - +6 ring of strength
MPRegen  0.16/turn

@: agile, barbed spikes, very slightly contaminated
A: hooves 3, yellow scales 2, clarity, clever 1, deterioration 1, fire
resistance 1, mutation resistance 3, nightstalker 2, sense surroundings 1,
powered by pain 1, robust 3, shaggy fur 1, strong 1, MP-powered wands
a: Renounce Religion


You were on level 6 of the Lair of Beasts.
You worshipped Xom.
You were a beloved toy of Xom.
You were not hungry.

You visited 2 branches of the dungeon, and saw 15 of its levels.
You also visited: Bailey.

You collected 1392 gold pieces.

Inventory:

Hand Weapons
 a - a +0 mace of chaos
 g - a +2 demon whip of venom (weapon)
 x - a +0 hand crossbow of flaming
Missiles
 h - 4 javelins of penetration (quivered)
 B - 75 bolts
 E - a throwing net
Armour
 t - a +0 shield
 u - the +0 cloak of Boiling Hail (worn) {rF+ Int+3 Dex+3}
   (You found it on level 4 of the Dungeon)

   It affects your intelligence (+3).
   It affects your dexterity (+3).
   It protects you from fire.
 w - a +0 buckler (worn)
 y - a +0 plate armour (worn)
 G - a +1 helmet (worn)
 N - a +2 pair of gloves (worn)
 U - the cursed +0 shield of Yshusk {+Fly rElec rN+ Int-5}
   (You found it on level 3 of the Lair of Beasts)

   It affects your intelligence (-5).
   It insulates you from electricity.
   It protects you from negative energy.
   It lets you fly.
   It has a curse placed upon it.
Jewellery
 p - a +6 ring of strength (right hand)
 D - an amulet of guardian spirit (around neck)
 H - a ring of poison resistance (left hand)
 R - an uncursed ring of positive energy {unknown}
 S - an uncursed ring of see invisible
Wands
 n - a wand of polymorph (8)
 I - a wand of flame (63)
 O - a wand of iceblast (9)
 V - a wand of clouds (6)
 W - a wand of acid (6)
Scrolls
 b - a scroll of noise {unknown}
 e - 3 scrolls of enchant weapon
 f - 2 scrolls of immolation
 j - a scroll of identify
 k - 7 scrolls of remove curse
 m - 8 scrolls of amnesia
 o - 5 scrolls of fog
 r - 3 scrolls of teleportation
 M - 4 scrolls of fear
Potions
 d - 6 potions of curing
 i - 3 potions of might
 q - 2 potions of lignification {unknown}
 s - a potion of invisibility {unknown}
 v - 2 potions of magic {unknown}
 C - 2 potions of ambrosia {unknown}
 F - 2 potions of cancellation
 J - 3 potions of agility
 K - a potion of flight {unknown}
 L - a potion of brilliance
 P - a potion of haste {unknown}
 Q - 2 potions of mutation {unknown}
Miscellaneous
 A - a lamp of fire
Comestibles
 c - 33 rations
 Y - 15 chunks of flesh


   Skills:
 + Level 12.4 Fighting
 + Level 11.5 Maces & Flails
 + Level 5.9 Crossbows
 - Level 1.7 Armour
 - Level 0.8 Dodging
 + Level 10.5 Shields
 + Level 7.3 Evocations


You had 12 spell levels left.
You didn't know any spells.
Your spell library contained the following spells:

 Spells                   Type           Power        Failure   Level  Hunger
 Poisonous Vapours        Pois/Air       #.....       99%         2    ###....
 Conjure Flame            Conj/Fire      #.......     100%        3    ####...
 Mephitic Cloud           Conj/Pois/Air  #.......     100%        3    ####...
 Cause Fear               Hex            #.........   100%        4    #####..
 Silence                  Hex/Air        #.........   100%        5    ######.
 Yara's Violent Unravell  Hex/Tmut       #.........   100%        5    ######.
 Deflect Missiles         Chrm/Air       #.........   100%        6    #######
 Freezing Cloud           Conj/Ice/Air   #.........   100%        6    #######
 Ring of Flames           Chrm/Fire      #.........   100%        7    #######
 Discord                  Hex            #.........   100%        8    #######


Dungeon Overview and Level Annotations

Branches:
Dungeon (11/15)            Temple (0/1) D:6            Lair (3/6) D:11
  Swamp (0/4) Lair:2        Snake (0/4) Lair:3        Slime (0/5) Lair:6
    Orc (0/2) D:11

Altars:
Cheibriados
Dithmenos
Elyvilon
Gozag
Kikubaaqudgha
Makhleb
Nemelex Xobeh
Okawaru
Ru
Sif Muna
Trog
Uskayaw
Xom

Annotations:
D:9 1 runed translucent door, Zoluppo's ghost, novice SpEn
D:10 exclusion: obsidian statue


Innate Abilities, Weirdness & Mutations

You have hooves in place of feet.
You are mostly covered in yellow scales. (AC +3)
You are significantly more attuned to the shadows.
You sometimes gain a little power by taking damage.
You possess an exceptional clarity of mind.
Your mind is acute. (Int +2)
Your body sometimes deteriorates upon taking damage.
Your flesh is heat resistant. (rF+)
You are almost entirely resistant to further mutation and mutation removal.
You passively map a small area around you.
You are extremely robust. (+30% HP)
You are covered in fur. (AC +1)
Your muscles are strong. (Str +2)
You expend magic power (3 MP) to strengthen your wands.


Message History

* * * LOW HITPOINT WARNING * * *
You see here a water moccasin corpse.
Unknown command.
You feel better. You block the death yak's attack.
The manticore flicks its tail.
The volley of spikes hits you!!
The barbed spikes become lodged in your body.
* * * LOW HITPOINT WARNING * * *
You focus on the pain.
You feel agile all of a sudden.
As you read the scroll of fear, it crumbles to dust.
You assume a fearsome visage.
The manticore looks frightened!
The death yak resists with some effort.
The eight-headed hydra looks frightened!
The death yak misses you.
Okay, then.
Okay, then.
You feel better. The death yak gores you!!
You die...
Xom snickers!

,,***,,YF....## #÷÷###.#.
,***,,,,,,#...## *######.÷......
,* *,,,,,*##...## *...$####......
,* *,,,,** ##..†####...## #......
,* ***,,*** ###...##....# #......
,* **,..## ###......#* #......
,** **#..#* ##...##..# #......
,,* ##.YP* ##..###**## ##.....
,,** #...## #.@## ### #..... *,,*
##..P###Y## ###.## #..... ,,**
*#Y.......####....## #.....
,,,***#YY###P...P##......#*#.....
,,,,*#..** ###PD.#...D._#**......
8,8,,..,* ##..D..##§.# *..(...
,,,,8.*** ###.###Y._# *,,,,,,
,,8,,,,** ***####.Yk##**,.,,,,
,,,8,,,,* *,P###.k.## *...,,,,


You could see a death yak and an eight-headed hydra (fleeing).

Vanquished Creatures
  3 hydras
  A catoblepas (Lair:6)
  Erica (Lair:1)
  A queen ant (Lair:3)
  A death yak (Lair:6)
  An unseen horror (D:10)
  Pikel (D:4)
  An orc knight (Bailey)
  2 black mambas
  A gargoyle (D:11)
  4 spiny frogs
  A kobold demonologist (D:10)
  A komodo dragon (Lair:1)
  A rime drake (Lair:2)
  A polar bear (Lair:2)
  3 hornets (D:11)
  4 hippogriffs
  3 blink frogs (Lair:3)
  A dream sheep (shapeshifter) (D:10)
  19 yaks
  A vampire (D:9)
  2 wyverns
  2 hogs (D:7)
  4 vampire mosquitoes (Lair:2)
  Edmund (D:4)
  2 basilisks
  A swamp worm (D:8)
  Menkaure (D:4)
  3 soldier ants (Lair:3)
  12 water moccasins
  Duvessa (D:4)
  7 porcupines
  2 ice beasts
  16 orc warriors
  An eye of draining (D:10)
  4 black bears
  A phantom (D:10)
  A slave (D:4)
  A sky beast (D:6)
  The ghost of DrKleor the Shield-Bearer, an amateur FoFi (D:3)
  4 centaurs
  8 ogres
  3 wolves
  3 crocodiles
  19 big kobolds
  15 bullfrogs
  3 scorpions
  A wyvern skeleton (D:7)
  4 killer bees (D:8)
  4 howler monkeys
  2 wights
  An electric eel (Lair:2)
  A bullfrog zombie (D:11)
  7 crimson imps
  3 centaur zombies
  11 hounds
  6 orc priests
  5 jellies
  2 centaur skeletons
  7 orc wizards
  2 bullfrog skeletons
  Natasha (twice) (D:4)
  5 iguanas
  24 worker ants
  A killer bee zombie (D:8)
  4 hound skeletons
  2 worker ant zombies
  6 gnolls
  3 howler monkey skeletons
  18 adders
  A shadow imp (D:7)
  An adder zombie (D:6)
  2 oozes
  An adder skeleton (D:7)
  4 worms
  A dart slug (D:5)
  6 leopard geckos
  33 orcs
  3 ball pythons
  3 giant cockroaches
  7 hobgoblins
  5 jackals
  3 quokkas
  9 bats
  6 frilled lizards
  8 goblins
  2 jackal skeletons (D:5)
  31 kobolds
  A leopard gecko zombie (D:6)
418 creatures vanquished.

Vanquished Creatures (collateral kills)
  4 yaks (D:11)
  A hornet zombie (D:9)
  4 wights
  An orc (D:11)
  A bat (D:2)
  A hobgoblin (D:2)
12 creatures vanquished.

Vanquished Creatures (others)
  2 hogs (D:7)
  A human (D:7)
  3 slaves (D:4)
  A phantom (D:6)
  Dowan (D:4)
  2 wights (D:9)
  16 fungi
  13 plants
39 creatures vanquished.

Grand Total: 469 creatures vanquished

Notes
Turn   | Place    | Note
-------+----------+-------------------------------------------
     0 | D:1      | IBeShadow the Demonspawn Chaos Knight began the quest for
                  | the Orb.
     0 | D:1      | Reached XP level 1. HP: 18/18 MP: 1/1
    97 | D:1      | Gained mutation: You have large cloven feet. [demonic
                  | ancestry]
    97 | D:1      | Reached XP level 2. HP: 22/24 MP: 2/2
   181 | D:1      | XOM: harmless Hex miscast
   232 | D:1      | XOM: silly message
   360 | D:1      | XOM: silly message
   396 | D:1      | XOM: harmless Summ miscast
   764 | D:2      | Noticed a crimson imp
   784 | D:2      | XOM: divination: magic mapping
   792 | D:2      | Killed a crimson imp
   792 | D:2      | Reached skill level 4 in Fighting
   792 | D:2      | Gained mutation: You have hoof-like feet. [demonic
                  | ancestry]
   792 | D:2      | Reached XP level 3. HP: 20/30 MP: 3/3
   907 | D:2      | You fall through a shaft!
   930 | D:3      | Gained mutation: You are slightly more attuned to the
                  | shadows. [demonic ancestry]
   930 | D:3      | Reached XP level 4. HP: 36/37 MP: 4/4
   994 | D:3      | XOM: divination: detect items
  1089 | D:3      | XOM: divination: detect items
  1152 | D:2      | XOM: smoke on damage
  1396 | D:2      | Gained mutation: You are partially covered in yellow
                  | scales. (AC +2) [demonic ancestry]
  1396 | D:2      | Reached XP level 5. HP: 27/43 MP: 5/5
  1439 | D:2      | XOM: harmless Necr miscast
  1635 | D:2      | Noticed a centaur
  1641 | D:2      | Killed a centaur
  1641 | D:2      | Reached skill level 5 in Fighting
  2070 | D:3      | Found a runed translucent gate.
  2070 | D:3      | Found a runed translucent gate.
  2071 | D:3      | Found a runed translucent gate.
  2073 | D:3      | Noticed DrKleor's ghost (amateur FoFi)
  2160 | D:3      | Found a hide-covered altar of Uskayaw.
  2303 | D:3      | Found a shimmering altar of Xom.
  2304 | D:3      | Found a burning altar of Makhleb.
  2313 | D:3      | Gained mutation: You sometimes gain a little power by
                  | taking damage. [demonic ancestry]
  2313 | D:3      | Reached XP level 6. HP: 51/51 MP: 6/6
  2558 | D:3      | XOM: scenery: create altars
  2570 | D:3      | Killed DrKleor's ghost
  2570 | D:3      | Reached skill level 5 in Maces & Flails
  2570 | D:3      | Reached skill level 1 in Shields
  2570 | D:3      | XOM: noise
  2622 | D:3      | XOM: god gift: 4 javelins of penetration
  2949 | D:4      | Noticed a slave
  2951 | D:4      | Noticed Pikel
  2953 | D:4      | Noticed a slave
  2953 | D:4      | Noticed a slave
  2956 | D:4      | XOM: confusion (+ monsters)
  2961 | D:4      | XOM: divination: detect items
  2971 | D:4      | Noticed a slave
  2975 | D:4      | Killed a slave
  2975 | D:4      | XOM: divination: detect items
  2977 | D:4      | Noticed Natasha
  2979 | D:4      | Killed Pikel
  2979 | D:4      | Reached skill level 6 in Fighting
  2979 | D:4      | Reached XP level 7. HP: 33/58 MP: 7/7
  2985 | D:4      | Killed Natasha
  3125 | D:4      | Killed Dowan
  3164 | D:4      | Noticed Duvessa
  3172 | D:4      | XOM: cast spell 'Cause Fear'
  3178 | D:4      | XOM: give mutations
  3178 | D:4      | Gained mutation: You are robust. (+10% HP) [Xom's grace]
  3178 | D:4      | Gained mutation: You are very robust. (+20% HP) [Xom's
                  | grace]
  3178 | D:4      | Gained mutation: You expend magic power (3 MP) to
                  | strengthen your wands. [Xom's grace]
  3186 | D:4      | Reached skill level 9 in Fighting
  3186 | D:4      | Gained mutation: You are significantly more attuned to the
                  | shadows. [demonic ancestry]
  3186 | D:4      | Reached XP level 8. HP: 19/85 MP: 8/8
  3186 | D:4      | Killed Duvessa
  3192 | D:4      | HP: 1/85 [phantom (9)]
  3568 | D:4      | Noticed Menkaure
  3574 | D:4      | Killed Menkaure
  3644 | D:4      | XOM: 2-stop teleportation journey
  3681 | D:4      | Found an opulent altar of Gozag.
  3795 | D:4      | Got an ancient cloak
  3801 | D:4      | Identified the +0 cloak of Boiling Hail {rF+ Int+3 Dex+3}
                  | (You found it on level 4 of the Dungeon)
  3840 | D:4      | Noticed Natasha
  3845 | D:4      | XOM: enchant monster (good)
  3846 | D:4      | Reached XP level 9. HP: 92/92 MP: 9/9
  3847 | D:4      | XOM: 1-stop teleportation journey
  3966 | D:4      | XOM: noise
  4167 | D:4      | XOM: confuse monster(s)
  4240 | D:4      | Noticed Edmund
  4250 | D:4      | Killed Edmund
  4316 | D:4      | XOM: harmless Air miscast
  4321 | D:4      | Killed Natasha
  4447 | D:5      | Entered Level 5 of the Dungeon
  4628 | D:5      | Found a deep blue altar of Sif Muna.
  4666 | D:5      | XOM: harmless Tloc miscast
  4669 | D:5      | XOM: god gift: mace {god gift}
  4722 | D:5      | XOM: enchant monster (good)
  4924 | D:5      | Found a snail-covered altar of Cheibriados.
  4996 | D:6      | XOM: noise
  5038 | D:6      | XOM: noise
  5040 | D:6      | Reached skill level 10 in Fighting
  5043 | D:6      | XOM: confusion (+ monsters)
  5125 | D:6      | XOM: confuse monster(s)
  5254 | D:6      | Found a staircase to the Ecumenical Temple.
  5342 | D:6      | Found a bloodstained altar of Trog.
  5356 | D:6      | Found a white marble altar of Elyvilon.
  5767 | D:7      | XOM: summons 4 hostile shadow creatures
  5789 | D:7      | Reached XP level 10. HP: 95/102 MP: 8/10
  5810 | D:7      | Reached skill level 1 in Evocations
  5810 | D:7      | XOM: divine lightning
  6032 | D:7      | XOM: confuse monster(s)
  6119 | D:7      | XOM: give mutation
  6119 | D:7      | Gained mutation: You are weak. (Str -2) [Xom's mischief]
  6157 | D:7      | XOM: summons 1 hostile demon
  6423 | D:8      | Got a twisted dagger
  6424 | D:8      | Identified the +9 dagger "Ontor" {pain, rN+ Str+2 Int+3}
                  | (You found it on level 8 of the Dungeon)
  6566 | D:8      | Noticed a two-headed ogre
  6567 | D:8      | a two-headed ogre changed into a swamp worm
  6567 | D:8      | XOM: polymorph two-headed ogre -> swamp worm
  6769 | D:8      | XOM: mild Conj miscast
  6790 | D:8      | XOM: summons 5 hostile demons
  6941 | D:8      | Found a flagged portal.
  6972 | Bailey   | Entered a bailey
  6972 | Bailey   | Noticed an orc knight
  6973 | Bailey   | XOM: noise
  6979 | Bailey   | XOM: god gift: ration
  7015 | Bailey   | HP: 5/103 [orc warrior/+0 halberd (12)]
  7017 | Bailey   | XOM: enchant monster (bad)
  7119 | Bailey   | XOM: 1-stop teleportation journey
  7394 | Bailey   | XOM: confuse monster(s)
  7394 | Bailey   | Killed an orc knight
  7394 | Bailey   | Reached skill level 10 in Maces & Flails
  7796 | D:8      | Found a shadowy altar of Dithmenos.
  8005 | D:9      | Found a sparkling altar of Nemelex Xobeh.
  8067 | D:9      | Got a scorched dagger
  8068 | D:9      | Identified the +9 dagger "Conservator" {pierce, +Rage rPois
                  | Dex+3} (You found it on level 9 of the Dungeon)
  8083 | D:9      | XOM: destruction
  8123 | D:9      | XOM: polymorph orc wizard -> ooze
  8169 | D:9      | Found an ancient bone altar of Kikubaaqudgha.
  8227 | D:9      | Gained mutation: You have hooves in place of feet. [demonic
                  | ancestry]
  8227 | D:9      | Reached XP level 11. HP: 107/110 MP: 13/13
  8301 | D:9      | XOM: potion effect (invisibility)
  8304 | D:9      | Reached skill level 1 in Crossbows
  8379 | D:9      | Found a runed translucent door.
  8380 | D:9      | Noticed Zoluppo's ghost (novice SpEn)
  8474 | D:9      | Found a sacrificial altar of Ru.
  8480 | D:9      | Found a deep blue altar of Sif Muna.
  8607 | D:9      | Found an iron altar of Okawaru.
  8679 | D:10     | Entered Level 10 of the Dungeon
  8792 | D:10     | XOM: cloud trail
  8827 | D:10     | XOM: polymorph troll -> eye of draining
  8830 | D:10     | XOM: cleaving
  8867 | D:10     | Reached skill level 11 in Fighting
  8894 | D:10     | Killed an unseen horror
  8999 | D:10     | XOM: mild Erth miscast
  9023 | D:10     | Noticed an obsidian statue
  9028 | D:10     | Got an iridescent short sword
  9042 | D:10     | Noticed a soul eater
  9042 | D:10     | Noticed a sixfirhy
  9069 | D:10     | XOM: enchant monster (good)
  9182 | D:10     | XOM: god gift: wand of iceblast (9)
  9278 | D:10     | Noticed a glowing shapeshifter
  9278 | D:10     | a centaur changed into a glowing shapeshifter
  9278 | D:10     | XOM: polymorph centaur -> glowing shapeshifter
  9278 | D:10     | Noticed a fire dragon
  9278 | D:10     | a glowing shapeshifter changed into a fire dragon
  9279 | D:10     | Noticed a queen ant
  9279 | D:10     | a fire dragon changed into a queen ant
  9288 | D:10     | Noticed a glowing shapeshifter
  9288 | D:10     | a queen ant changed into a glowing shapeshifter
  9288 | D:10     | XOM: polymorph queen ant -> glowing shapeshifter
  9288 | D:10     | a glowing shapeshifter changed into a dream sheep
  9289 | D:10     | XOM: silly message
  9318 | D:10     | XOM: enchant monster (good)
  9320 | D:10     | Noticed a sixfirhy
  9718 | D:10     | XOM: potion effect (berserk rage)
  9724 | D:10     | XOM: potion effect (brilliance)
  9726 | D:10     | XOM: cast spell 'Chain of Chaos'
  9728 | D:10     | XOM: confuse monster(s)
  9754 | D:10     | XOM: god gift: scale mail {god gift}
  9792 | D:10     | XOM: give mutations
  9792 | D:10     | Gained mutation: You are somewhat resistant to further
                  | mutation. [Xom's grace]
  9792 | D:10     | Gained mutation: You are extremely robust. (+30% HP) [Xom's
                  | grace]
  9923 | D:11     | XOM: give mutations
  9923 | D:11     | Gained mutation: You are somewhat resistant to both further
                  | mutation and mutation removal. [Xom's grace]
  9923 | D:11     | Gained mutation: You are almost entirely resistant to
                  | further mutation and mutation removal. [Xom's grace]
  9923 | D:11     | Lost mutation: You are weak. (Str -2) [Xom's grace]
 10075 | D:11     | Found a staircase to the Orcish Mines.
 10075 | D:11     | XOM: 7-stop teleportation journey
 10164 | D:11     | XOM: cleaving
 10258 | D:11     | XOM: summons friendly quasit
 10309 | D:11     | XOM: god gift: wand of acid (6)
 10416 | D:11     | Reached skill level 5 in Evocations
 10423 | D:11     | XOM: cloud trail
 10438 | D:11     | Found a staircase to the Lair.
 10457 | D:11     | XOM: summons friendly white imp
 10470 | D:11     | XOM: summons friendly white imp
 10550 | D:11     | XOM: summons friendly crimson imp
 10705 | D:11     | XOM: summons 1 hostile shadow creature
 10905 | Lair:1   | Entered Level 1 of the Lair of Beasts
 10929 | Lair:1   | Noticed a four-headed hydra
 10935 | Lair:1   | XOM: confuse monster(s)
 10944 | Lair:1   | Killed a four-headed hydra
 10947 | Lair:1   | Reached XP level 12. HP: 124/130 MP: 14/16
 10990 | Lair:1   | Noticed Erica
 10995 | Lair:1   | XOM: cleaving
 10996 | Lair:1   | Killed Erica
 11037 | Lair:1   | XOM: divination: magic mapping
 11044 | Lair:1   | XOM is BORED!
 11044 | Lair:1   | XOM: 5-stop teleportation journey
 11331 | Lair:1   | XOM: 2-stop teleportation journey
 11466 | Lair:1   | Found a snail-covered altar of Cheibriados.
 11467 | Lair:1   | XOM: god gift: hardcover book {god gift}
 11714 | Lair:1   | XOM: mild Tmut miscast
 11953 | Lair:2   | XOM: give mutation
 11953 | Lair:2   | Gained mutation: Your body sometimes deteriorates upon
                  | taking damage. [Xom's mischief]
 12055 | Lair:2   | XOM is BORED!
 12055 | Lair:2   | XOM: medium Necr miscast
 12161 | Lair:2   | Found a staircase to the Swamp.
 12161 | Lair:2   | XOM: enchant monster (bad)
 12208 | Lair:2   | XOM: mild Air miscast
 12216 | Lair:2   | Reached skill level 10 in Shields
 12367 | Lair:2   | XOM: mild Summ miscast
 12601 | Lair:2   | XOM: harmless Tloc miscast
 12641 | Lair:3   | XOM: 4-stop teleportation journey
 12736 | Lair:3   | Reached skill level 12 in Fighting
 12794 | Lair:3   | Found a staircase to the Snake Pit.
 12801 | Lair:3   | XOM: summons friendly crimson imp
 12805 | Lair:3   | Reached skill level 5 in Crossbows
 12962 | Lair:3   | Noticed a queen ant
 12971 | Lair:3   | XOM: swap monsters
 12978 | Lair:3   | Killed a queen ant
 12995 | Lair:3   | Got a slimy shield
 12996 | Lair:3   | Identified the cursed +0 shield of Yshusk {+Fly rElec rN+
                  | Int-5} (You found it on level 3 of the Lair of Beasts)
 13000 | Lair:3   | Noticed an eight-headed hydra
 13011 | Lair:3   | Killed an eight-headed hydra
 13063 | Lair:3   | XOM: enchant monster (bad)
 13068 | Lair:3   | XOM: mild Tmut miscast
 13075 | Lair:3   | XOM: summons 2 hostile demons
 13322 | Lair:3   | XOM: mild Summ miscast
 13764 | Lair:3   | You fall through a shaft for 3 floors!
 13764 | Lair:6   | Entered Level 6 of the Lair of Beasts
 13764 | Lair:6   | XOM: polymorph yak -> wind drake
 13767 | Lair:6   | XOM: 8-stop teleportation journey
 13767 | Lair:6   | Noticed a six-headed hydra
 13768 | Lair:6   | Noticed an eight-headed hydra
 13769 | Lair:6   | Noticed a death yak
 13774 | Lair:6   | Killed a six-headed hydra
 13807 | Lair:6   | Gained mutation: You are mostly covered in yellow scales.
                  | (AC +3) [demonic ancestry]
 13807 | Lair:6   | Reached XP level 13. HP: 27/141 MP: 5/18
 13920 | Lair:6   | XOM: 1-stop teleportation journey
 13922 | Lair:6   | XOM: confusion
 13926 | Lair:6   | XOM: harmless Fire miscast
 13945 | Lair:6   | XOM: give mutations
 13945 | Lair:6   | Gained mutation: Your flesh is heat resistant. (rF+) [Xom's
                  | grace]
 13945 | Lair:6   | Gained mutation: You possess an exceptional clarity of
                  | mind. [Xom's grace]
 13945 | Lair:6   | Gained mutation: Your muscles are strong. (Str +2) [Xom's
                  | grace]
 13956 | Lair:6   | XOM: cast spell 'Cause Fear'
 13962 | Lair:6   | XOM: give mutations
 13962 | Lair:6   | Gained mutation: You passively map a small area around you.
                  | [Xom's grace]
 13962 | Lair:6   | Gained mutation: Your mind is acute. (Int +2) [Xom's grace]
 13962 | Lair:6   | Gained mutation: You are covered in fur. (AC +1) [Xom's
                  | grace]
 13979 | Lair:6   | XOM: enchant monster (good)
 13996 | Lair:6   | XOM: scenery: create altars
 14012 | Lair:6   | HP: 4/141 [manticore/volley of spikes (15)]
 14014 | Lair:6   | Slain by a death yak

Skill      XL: |  1  2  3  4  5  6  7  8  9 10 11 12 |
---------------+-------------------------------------+-----
Maces & Flails | 3 4 5 8 9 10 11 | 11.5
Fighting       | 4 5 6 9 10 11 12 | 12.4
Shields        | 2 7 8 9 10 | 10.5
Evocations     | 3 5 7 |  7.3
Crossbows      | 3 5 |  5.9
Armour         | |  1.7
Dodging        | |  0.8

Action                   |  1- 3 |  4- 6 |  7- 9 | 10-12 | 13-15 || total
-------------------------+-------+-------+-------+-------+-------++-------
Melee: Mace              |    72 |   148 |   257 |   227 |       ||   704
       Kick              |    15 |    36 |    98 |   364 |    26 ||   539
       Demon whip        |       |       |       |   727 |    35 ||   762
Evoke: Wand              |       |       |       |    30 |       ||    30
  Use: Potion            |     2 |     1 |     3 |     4 |     2 ||    12
       Scroll            |       |       |     4 |    11 |     6 ||    21
 Stab: Paralysed         |       |     1 |     5 |     4 |       ||    10
       Confused          |       |     1 |     1 |     5 |       ||     7
       Petrified         |       |     4 |       |       |       ||     4
       Sleeping          |       |       |     3 |       |       ||     3
       Distracted        |       |       |       |     1 |       ||     1
       Invisible         |       |       |       |     1 |       ||     1
  Eat: Chunk             |       |     5 |     7 |    16 |     1 ||    29
       Ration            |       |     1 |       |     3 |       ||     4
Armor: Leather armour    |    42 |    47 |    12 |       |       ||   101
       Plate armour      |       |       |   124 |   536 |    15 ||   675
Dodge: Dodged            |    48 |    98 |    66 |   216 |     3 ||   431
Block: Buckler           |       |       |    52 |   245 |     4 ||   301
